 Dungeon Crawl Stone Soup version 0.31.0-32-g396128a36d (webtiles) character file.

Game seed: 12506804810971903589

160 Silvore the Covered (level 5, -6/47 HPs)
             Began as a Minotaur Fighter on Mar 19, 2024.
             Mangled by Pikel
             ... wielding a +2 whip of electrocution
              (8 damage)
             ... on level 4 of the Dungeon.
             The game lasted 00:03:26 (2035 turns).

Silvore the Covered (Minotaur Fighter)              Turns: 2035, Time: 00:03:26

Health: -6/47      AC:  7    Str: 22    XL:     5   Next: 17%
Magic:  4/4        EV:  9    Int:  5    God:
Gold:   184        SH: 10    Dex: 10    Spells: 4/4 levels left

rFire   + . .        w - +1 mace
rCold   . . .        c - +1 buckler
rNeg    . . .        b - +0 scale mail
rPois   .            (helmet restricted)
rElec   .            (no cloak)
rCorr   .            (no gloves)
SInv    .            (no boots)
Will    .....        o - amulet of reflection Stlth
                     m - ring of protection from fire
HPRegen 0.27/turn    (no ring)
MPRegen 0.09/turn

%: reflection
@: mighty
A: horns 2, retaliatory headbutt
a: no special abilities


You were on level 4 of the Dungeon.
You visited 1 branch of the dungeon, and saw 4 of its levels.

You collected 184 gold pieces.

Inventory:

Hand Weapons
 a - a +0 flail
 w - a +1 mace (weapon)
Armour
 b - a +0 scale mail (worn)
 c - a +1 buckler (worn)
Jewellery
 l - a ring of fire
 m - a ring of protection from fire (left hand)
 o - an amulet of reflection (around neck)
Wands
 s - a wand of roots (9)
Scrolls
 e - a scroll of blinking
 f - 3 scrolls of identify
 h - a scroll of noise
Potions
 g - a potion of heal wounds
 k - 2 potions of lignification


   Skills:
 + Level 4.4 Fighting
 + Level 4.0 Maces & Flails
 + Level 5.2 Armour
 + Level 0.2 Dodging
 + Level 4.4 Shields


You had 4 spell levels left.
You didn't know any spells.
Your spell library contained the following spells:

 Spells                   Type           Power      Damage    Failure   Level
 Sandblast                Erth           0%         2d4       85%         1
 Passwall                 Erth           0%         N/A       99%         3
 Stone Arrow              Conj/Erth      0%         3d7       99%         3
 Brom's Barrelling Bould  Conj/Erth      0%         2d3       100%        4


Dungeon Overview and Level Annotations

Branches:
Dungeon (4/15)
 Temple: D:4-7

Altars:
Xom

Annotations:
D:4 Pikel


Innate Abilities, Weirdness & Mutations

You have a pair of horns on your head.
You reflexively headbutt those who attack you in melee.


Message History

You block the lemure's attack.
You feel very mighty all of a sudden. The lemure barely misses you.
Pikel hits you with a +2 whip of electrocution.
You barely miss Pikel. You block the lemure's attack.
Pikel hits you with a +2 whip of electrocution!
You sock Pikel! Your headbutt misses Pikel.
Pikel is moderately wounded.
The lemure closely misses you. You block Pikel's attack.
You hit Pikel. You headbutt Pikel!
Pikel is heavily wounded.
The lemure hits you. x2; You block Pikel's attack.
You block the lemure's attack.
You hit Pikel. Your headbutt misses Pikel.
Pikel is severely wounded.
You block Pikel's attack. The lemure barely misses you.
You block the lemure's attack.
Pikel says, "You'll rust in Dis!"
Pikel misses you.
You hit Pikel but do no damage.
Pikel is severely wounded.
You block the lemure's attack. The lemure closely misses you.
You furiously retaliate!
You headbutt the lemure! Pikel closely misses you.
You closely miss Pikel.
Pikel is severely wounded.
The lemure hits you. x3
* * * LOW HITPOINT WARNING * * *
The lemure hits you.
* * * LOW HITPOINT WARNING * * *
You block Pikel's attack.
You completely miss Pikel. Your headbutt misses Pikel.
Pikel is severely wounded.
The lemure misses you. You furiously retaliate!
You headbutt the lemure. The lemure hits you.
* * * LOW HITPOINT WARNING * * *
You block the lemure's attack. The lemure hits you.
* * * LOW HITPOINT WARNING * * *
Pikel hits you with a +2 whip of electrocution!
You die...
Pikel says, "Another soul for the market."

.#....._.........#.....#
.'....♣..........#.....#
.#.....#.........#.....#
.#.....#.........#†....#
.##....#........##...#
.##...##..###...##...####.
.##...##..###...##........
..+.............5K........
..#.............@5........
..#.............55........
..#.......................
..#.......................
###.......##....##...##...
.##...)...##....##...# ...
............)....#...# ..
.................#...#
)................#...#


You could see Pikel and 4 lemures.

Vanquished Creatures
  A bombardier beetle (D:3)
  6 adders
  A dart slug (D:1)
  2 ribbon worms
  4 orcs
  8 endoplasms
  4 giant cockroaches
  4 goblins
  5 hobgoblins
  2 quokkas
  6 ball pythons
  8 bats
  5 frilled lizards
  6 kobolds
  6 rats
  2 butterflies (D:4)
70 creatures vanquished.

Notes
Turn   | Place    | Note
-------+----------+-------------------------------------------
     0 | D:1      | Silvore the Minotaur Fighter began the quest for the Orb.
     0 | D:1      | Reached XP level 1. HP: 19/19 MP: 0/0
   246 | D:1      | Reached XP level 2. HP: 27/27 MP: 1/1
   339 | D:1      | Reached skill level 4 in Armour
   881 | D:2      | Reached XP level 3. HP: 28/33 MP: 2/2
  1299 | D:3      | Reached XP level 4. HP: 34/41 MP: 3/3
  1651 | D:3      | Reached skill level 5 in Armour
  1667 | D:3      | Reached XP level 5. HP: 47/47 MP: 4/4
  1967 | D:4      | Found a shimmering altar of Xom.
  2016 | D:4      | Noticed a lemure
  2017 | D:4      | Noticed a lemure
  2018 | D:4      | Noticed Pikel
  2019 | D:4      | Noticed a lemure
  2019 | D:4      | Noticed a lemure
  2035 | D:4      | HP: 2/47 [lemure[Pikel] (6)]
  2035 | D:4      | Mangled by Pikel

Illustrated notes

Levels and vault maps discovered:
D:1:      orjb1_lava_funnel, layout_loops_corners
D:2:      layout_basic
D:3:      layout_rooms, minmay_misc_feat_doors
D:4:      layout_gridville, xom_butterflies, mainiacjoe_overflow_alcove_3,
          kennysheep_vampire_church, uniq_pikel

Skill      XL: |  1  2  3  4  5 |
---------------+----------------+-----
Armour         | 4 5 |  5.2
Fighting       | 4 |  4.4
Shields        | 4 |  4.4
Maces & Flails | 3 4 |  4.0
Dodging        | |  0.2

Action                     |  1- 3 |  4- 6 || total
---------------------------+-------+-------++-------
  Melee: Flail             |    86 |    40 ||   126
         Headbutt          |    15 |     6 ||    21
         Mace              |       |    26 ||    26
    Use: Scroll            |       |    13 ||    13
         Potion            |       |     1 ||     1
 Armour: Scale mail        |    54 |    35 ||    89
  Dodge: Dodged            |    40 |    30 ||    70
  Block: Buckler           |    23 |    41 ||    64
